| TOP OF THE 1ST |
|
Toledo Mud Hens batting - Pitching for Rochester Red Wings : LHP David Gordon
|
|
Pitching: LHP David Gordon
|
|
|
Batting: RHB Brandon O'Malley
|
0-0: Foul Ball, location: 2F 0-1: Ground out 6-3 (Groundball, 6, EV 81.2 MPH)
|
|
Batting: RHB Willis Morales
|
0-0: Called Strike 0-1: Ball 1-1: Called Strike 1-2: Strikes out looking
|
|
Batting: RHB Sergio Zamora
|
0-0: Called Strike 0-1: Ball 1-1: Ball 2-1: Fly out, F8 (Line Drive, 8RM, EV 91.2 MPH)
|
| Top of the 1st over - 0 runs, 0 hits, 0 errors, 0 left on base; Toledo 0 - Rochester 0 |
| BOTTOM OF THE 1ST |
|
Rochester Red Wings batting - Pitching for Toledo Mud Hens : RHP Roberto Benavides
|
|
Pitching: RHP Roberto Benavides
|
|
|
Batting: LHB Jon Ventura
|
0-0: Called Strike 0-1: Ball 1-1: Ball 2-1: Called Strike 2-2: SINGLE (Line Drive, 89S, EV 111.9 MPH)
|
|
Batting: SHB Ian Thompson
|
0-0: Swinging Strike 0-1: Foul Ball, location: 2F 0-2: Ball 1-2: Foul Ball, location: 2F 1-2: Foul Ball, location: 2F 1-2: Strikes out swinging
|
|
Batting: RHB Leo Gonzalez
|
0-0: Called Strike 0-1: Called Strike 0-2: Ball 1-2: Ball 2-2: Grounds into double play, 5-4-3 (Groundball, 56, EV 104.4 MPH)
|
| Bottom of the 1st over - 0 runs, 1 hit, 0 errors, 0 left on base; Toledo 0 - Rochester 0 |
| TOP OF THE 2ND |
|
Toledo Mud Hens batting - Pitching for Rochester Red Wings : LHP David Gordon
|
|
Batting: RHB John Evancho
|
0-0: Foul Ball, location: 2F 0-1: Ground out U3 (Groundball, 23, EV 83.8 MPH)
|
|
Batting: RHB Tony Soto
|
0-0: Called Strike 0-1: Ball 1-1: Ball 2-1: Ball 3-1: DOUBLE (Line Drive, 7LS, EV 95.0 MPH)
|
|
Batting: SHB Willie Medina
|
0-0: Called Strike 0-1: Ground out 5-3 (Groundball, 5, EV 85.6 MPH)
|
|
Batting: RHB Adam MacConnell
|
0-0: Ball 1-0: Called Strike 1-1: Foul Ball, location: 2F 1-2: Ball 2-2: Strikes out looking
|
| Top of the 2nd over - 0 runs, 1 hit, 0 errors, 1 left on base; Toledo 0 - Rochester 0 |
| BOTTOM OF THE 2ND |
|
Rochester Red Wings batting - Pitching for Toledo Mud Hens : RHP Roberto Benavides
|
|
Batting: RHB Colin Boddy
|
0-0: Called Strike 0-1: Foul Ball, location: 2F 0-2: Ball 1-2: SINGLE (Groundball, 56D, EV 104.4 MPH)
|
|
Batting: LHB Chaim Huting
|
0-0: Called Strike 0-1: Ball 1-1: Ball 2-1: Ball 3-1: Called Strike 3-2: Base on Balls Colin Boddy to second
|
|
Batting: SHB Manny Molina
|
0-0: Called Strike 0-1: Ball 1-1: Foul Ball, location: 2F 1-2: Foul Ball, location: 2F 1-2: Foul Ball, location: 2F 1-2: Ball 2-2: Ball 3-2: Foul Ball, location: 2F 3-2: Foul Ball, location: 2F 3-2: Base on Balls Colin Boddy to third Chaim Huting to second
|
|
Batting: RHB Cyril Husson
|
0-0: Called Strike 0-1: Swinging Strike 0-2: Foul Ball, location: 2F 0-2: Ball 1-2: Strikes out swinging
|
|
Batting: RHB Ryan Gautney
|
0-0: Ball 1-0: Foul Ball, location: 2F 1-1: Ball 2-1: Foul Ball, location: 2F 2-2: SINGLE (Groundball, 6MD, EV 111.2 MPH) Colin Boddy scores Chaim Huting to third Manny Molina to second Runner from 3rd tries for Home, SAFE, throw by CF to home
|
|
Batting: LHB Tyler Allen
|
0-0: Called Strike 0-1: Swinging Strike 0-2: Foul Ball, location: 2F 0-2: Foul Ball, location: 2F 0-2: Ball 1-2: Foul Ball, location: 2F 1-2: Strikes out swinging
|
|
Batting: LHB Jon Ventura
|
0-0: Ball 1-0: Fielders Choice at 2nd, 5-4 (Groundball, 56, EV 88.1 MPH)
|
| Bottom of the 2nd over - 2 runs, 2 hits, 0 errors, 2 left on base; Toledo 0 - Rochester 2 |
| TOP OF THE 3RD |
|
Toledo Mud Hens batting - Pitching for Rochester Red Wings : LHP David Gordon
|
|
Batting: RHB J.J. Basil
|
0-0: Ball 1-0: Ball 2-0: Ground out 6-3 (Groundball, 6, EV 76.2 MPH)
|
|
Batting: SHB Scott Bartholomew
|
0-0: Ball 1-0: Ground out 4-3 (Groundball, 4, EV 105.6 MPH)
|
|
Batting: RHB Brandon O'Malley
|
0-0: DOUBLE (Line Drive, 89D, EV 107.5 MPH)
|
|
Batting: RHB Willis Morales
|
0-0: Ball 1-0: Ball 2-0: Swinging Strike 2-1: Ball 3-1: Base on Balls
|
|
Batting: RHB Sergio Zamora
|
0-0: Called Strike 0-1: Foul Ball, location: 2F 0-2: Foul Ball, location: 2F 0-2: Ball 1-2: Strikes out looking
|
| Top of the 3rd over - 0 runs, 1 hit, 0 errors, 2 left on base; Toledo 0 - Rochester 2 |
| BOTTOM OF THE 3RD |
|
Rochester Red Wings batting - Pitching for Toledo Mud Hens : RHP Roberto Benavides
|
|
Batting: SHB Ian Thompson
|
0-0: Called Strike 0-1: Swinging Strike 0-2: Strikes out swinging
|
|
Batting: RHB Leo Gonzalez
|
0-0: Ball 1-0: Foul Ball, location: 2F 1-1: Ball 2-1: Fly out, F7 (Flyball, 7D, EV 108.1 MPH)
|
|
Batting: RHB Colin Boddy
|
0-0: Ground out 6-3 (Groundball, 6, EV 93.8 MPH)
|
| Bottom of the 3rd over - 0 runs, 0 hits, 0 errors, 0 left on base; Toledo 0 - Rochester 2 |
| TOP OF THE 4TH |
|
Toledo Mud Hens batting - Pitching for Rochester Red Wings : LHP David Gordon
|
|
Batting: RHB John Evancho
|
0-0: Called Strike 0-1: Swinging Strike 0-2: Strikes out looking
|
|
Batting: RHB Tony Soto
|
0-0: Ball 1-0: Swinging Strike 1-1: Foul Ball, location: 2F 1-2: Foul Ball, location: 2F 1-2: Ball 2-2: Foul Ball, location: 2F 2-2: Ground out 6-3 (Groundball, 6, EV 78.1 MPH)
|
|
Batting: SHB Willie Medina
|
0-0: Called Strike 0-1: Fly out, F5 (Line Drive, 56, EV 70.6 MPH)
|
| Top of the 4th over - 0 runs, 0 hits, 0 errors, 0 left on base; Toledo 0 - Rochester 2 |
| BOTTOM OF THE 4TH |
|
Rochester Red Wings batting - Pitching for Toledo Mud Hens : RHP Roberto Benavides
|
|
Batting: LHB Chaim Huting
|
0-0: SINGLE (Groundball, 6M, EV 98.8 MPH) (infield hit)
|
|
Batting: SHB Manny Molina
|
0-0: Called Strike 0-1: Foul Ball, location: 2F 0-2: Ball 1-2: Grounds into double play, 5-4-3 (Groundball, 56, EV 81.9 MPH)
|
|
Batting: RHB Cyril Husson
|
0-0: Foul Ball, location: 2F 0-1: Called Strike 0-2: Foul Ball, location: 2F 0-2: Strikes out swinging
|
| Bottom of the 4th over - 0 runs, 1 hit, 0 errors, 0 left on base; Toledo 0 - Rochester 2 |
| TOP OF THE 5TH |
|
Toledo Mud Hens batting - Pitching for Rochester Red Wings : LHP David Gordon
|
|
Batting: RHB Adam MacConnell
|
0-0: Called Strike 0-1: Hit by Pitch
|
|
Batting: RHB J.J. Basil
|
0-0: Ball 1-0: Foul Ball, location: 2F 1-1: Called Strike 1-2: Strikes out swinging
|
|
Batting: SHB Scott Bartholomew
|
0-0: Called Strike 0-1: Foul Ball, location: 2F 0-2: Strikes out swinging
|
|
Batting: RHB Brandon O'Malley
|
0-0: Foul Ball, location: 2F 0-1: Called Strike 0-2: Ball 1-2: Strikes out swinging
|
| Top of the 5th over - 0 runs, 0 hits, 0 errors, 1 left on base; Toledo 0 - Rochester 2 |
| BOTTOM OF THE 5TH |
|
Rochester Red Wings batting - Pitching for Toledo Mud Hens : RHP Roberto Benavides
|
|
Batting: RHB Ryan Gautney
|
0-0: Ball 1-0: Fly out, F4 (Popup, 34S, EV 86.9 MPH)
|
|
Batting: LHB Tyler Allen
|
0-0: Swinging Strike 0-1: Ball 1-1: Foul Ball, location: 2F 1-2: Strikes out swinging
|
|
Batting: LHB Jon Ventura
|
0-0: Ball 1-0: Foul Ball, location: 2F 1-1: Ball 2-1: Ball 3-1: Called Strike 3-2: Ground out 5-3 (Groundball, 56, EV 84.4 MPH)
|
| Bottom of the 5th over - 0 runs, 0 hits, 0 errors, 0 left on base; Toledo 0 - Rochester 2 |
| TOP OF THE 6TH |
|
Toledo Mud Hens batting - Pitching for Rochester Red Wings : LHP David Gordon
|
|
Batting: RHB Willis Morales
|
0-0: SOLO HOME RUN (Flyball, 7D, EV 98.1 MPH), Distance : 370 ft
|
|
Batting: RHB Sergio Zamora
|
0-0: SINGLE (Line Drive, 78S, EV 101.9 MPH)
|
|
Batting: RHB John Evancho
|
0-0: Ball 1-0: Swinging Strike 1-1: Reached on error, E5 (Groundball, 56, EV 88.8 MPH) Sergio Zamora to second
|
|
Batting: RHB Tony Soto
|
0-0: Foul Ball, location: 2F 0-1: Foul Ball, location: 2F 0-2: Ball 1-2: Ball 2-2: Foul Ball, location: 2F 2-2: Foul Ball, location: 2F 2-2: Foul Ball, location: 2F 2-2: Ball 3-2: Fielders Choice at 2nd, 4-6 (Groundball, 34, EV 90.0 MPH) Sergio Zamora to third
|
|
Batting: SHB Willie Medina
|
0-0: Foul Ball, location: 2F 0-1: Foul Ball, location: 2F 0-2: Ball 1-2: Foul Ball, location: 2F 1-2: Fielders Choice at 2nd, 4-6 (Groundball, 4, EV 106.2 MPH) Sergio Zamora scores
|
|
Batting: RHB Adam MacConnell
|
0-0: Ball 1-0: Called Strike 1-1: Ball 2-1: Swinging Strike 2-2: Strikes out swinging
|
| Top of the 6th over - 2 runs, 2 hits, 1 error, 1 left on base; Toledo 2 - Rochester 2 |
| BOTTOM OF THE 6TH |
|
Rochester Red Wings batting - Pitching for Toledo Mud Hens : RHP Roberto Benavides
|
|
Batting: SHB Ian Thompson
|
0-0: Called Strike 0-1: Ball 1-1: Ball 2-1: Called Strike 2-2: Ball 3-2: Ground out U3 (Groundball, 34S, EV 95.0 MPH)
|
|
Batting: RHB Leo Gonzalez
|
0-0: Foul Ball, location: 2F 0-1: Foul Ball, location: 2F 0-2: Foul Ball, location: 2F 0-2: Ball 1-2: Ground out 4-3 (Groundball, 4, EV 107.5 MPH)
|
|
Batting: RHB Colin Boddy
|
0-0: Called Strike 0-1: Ball 1-1: Ball 2-1: Ball 3-1: Base on Balls
|
|
Batting: LHB Chaim Huting
|
0-0: Swinging Strike 0-1: Called Strike 0-2: Fly out, F9 (Line Drive, 9LM, EV 96.9 MPH)
|
| Bottom of the 6th over - 0 runs, 0 hits, 0 errors, 1 left on base; Toledo 2 - Rochester 2 |
| TOP OF THE 7TH |
|
Toledo Mud Hens batting - Pitching for Rochester Red Wings : LHP David Gordon
|
|
Batting: RHB J.J. Basil
|
0-0: Ball 1-0: Foul Ball, location: 2F 1-1: Foul Ball, location: 2F 1-2: Ball 2-2: Foul Ball, location: 2F 2-2: Strikes out swinging
|
|
Batting: SHB Scott Bartholomew
|
0-0: Called Strike 0-1: Foul Ball, location: 2F 0-2: Strikes out swinging
|
|
Batting: RHB Brandon O'Malley
|
0-0: Ball 1-0: Ground out 1-3 (Groundball, 13S, EV 69.4 MPH)
|
| Top of the 7th over - 0 runs, 0 hits, 0 errors, 0 left on base; Toledo 2 - Rochester 2 |
| BOTTOM OF THE 7TH |
|
Rochester Red Wings batting - Pitching for Toledo Mud Hens : RHP Roberto Benavides
|
|
Pitching: RHP Bobby Mott
|
|
|
Batting: SHB Manny Molina
|
0-0: Ball 1-0: Fly out, F6 (Popup, 6MS, EV 56.9 MPH)
|
|
Batting: RHB Cyril Husson
|
0-0: Ball 1-0: Ball 2-0: Foul Ball, location: 2F 2-1: Called Strike 2-2: Foul Ball, location: 2F 2-2: Ball 3-2: Base on Balls
|
|
Batting: RHB Ryan Gautney
|
0-0: Grounds into double play, 6-4-3 (Groundball, 6, EV 86.2 MPH)
|
| Bottom of the 7th over - 0 runs, 0 hits, 0 errors, 0 left on base; Toledo 2 - Rochester 2 |
| TOP OF THE 8TH |
|
Toledo Mud Hens batting - Pitching for Rochester Red Wings : LHP David Gordon
|
|
Pitching: LHP Brian Walters
|
|
|
Batting: RHB Willis Morales
|
0-0: Ball 1-0: Ball 2-0: Foul Ball, location: 2F 2-1: Foul Ball, location: 2F 2-2: Foul Ball, location: 2F 2-2: Strikes out swinging
|
|
Batting: RHB Sergio Zamora
|
0-0: Called Strike 0-1: Called Strike 0-2: Strikes out swinging
|
|
Batting: RHB John Evancho
|
0-0: Ball 1-0: Ground out U3 (Groundball, 34, EV 107.5 MPH)
|
| Top of the 8th over - 0 runs, 0 hits, 0 errors, 0 left on base; Toledo 2 - Rochester 2 |
| BOTTOM OF THE 8TH |
|
Rochester Red Wings batting - Pitching for Toledo Mud Hens : RHP Bobby Mott
|
|
Batting: LHB Tyler Allen
|
0-0: Fly out, F7 (Flyball, 7, EV 86.2 MPH)
|
|
Batting: LHB Jon Ventura
|
0-0: Ball 1-0: Ball 2-0: Ball 3-0: Base on Balls
|
|
Batting: SHB Ian Thompson
|
0-0: Called Strike 0-1: Ball 1-1: Swinging Strike 1-2: Ball 2-2: Ball 3-2: Foul Ball, location: 2F 3-2: Base on Balls Jon Ventura to second
|
|
Batting: RHB Leo Gonzalez
|
0-0: Called Strike 0-1: Called Strike 0-2: Fly out, F8 (Line Drive, 8RS, EV 88.1 MPH)
|
|
Batting: RHB Colin Boddy
|
0-0: Ball 1-0: Called Strike 1-1: Called Strike 1-2: Ball 2-2: Ball 3-2: Foul Ball, location: 2F 3-2: Strikes out swinging
|
| Bottom of the 8th over - 0 runs, 0 hits, 0 errors, 2 left on base; Toledo 2 - Rochester 2 |
| TOP OF THE 9TH |
|
Toledo Mud Hens batting - Pitching for Rochester Red Wings : LHP Brian Walters
|
|
Batting: RHB Tony Soto
|
0-0: Ball 1-0: Ball 2-0: Foul Ball, location: 2F 2-1: Foul Ball, location: 2F 2-2: Foul Ball, location: 2F 2-2: Strikes out swinging
|
|
Batting: SHB Willie Medina
|
0-0: Ball 1-0: Ball 2-0: Swinging Strike 2-1: SINGLE (Line Drive, 7S, EV 87.5 MPH)
|
|
Batting: RHB Adam MacConnell
|
0-0: Ball 1-0: Called Strike 1-1: Ball 2-1: Ball 3-1: SINGLE (Groundball, 6S, EV 66.2 MPH) (infield hit) Willie Medina to second
|
|
Batting: RHB J.J. Basil
|
0-0: Called Strike 0-1: Foul Ball, location: 2F 0-2: Ball 1-2: Strikes out swinging
|
|
Batting: SHB Scott Bartholomew
|
0-0: Called Strike 0-1: Ball 1-1: Foul Ball, location: 2F 1-2: Ball Wild Pitch! Willie Medina to third Adam MacConnell to second 2-2: Foul Ball, location: 2F 2-2: Strikes out swinging
|
| Top of the 9th over - 0 runs, 2 hits, 0 errors, 2 left on base; Toledo 2 - Rochester 2 |
| BOTTOM OF THE 9TH |
|
Rochester Red Wings batting - Pitching for Toledo Mud Hens : RHP Bobby Mott
|
|
Pitching: LHP Ben Saunders
|
|
|
Batting: LHB Chaim Huting
|
0-0: Ball 1-0: Swinging Strike 1-1: Ball 2-1: Called Strike 2-2: Ball 3-2: Strikes out swinging
|
|
Batting: SHB Manny Molina
|
0-0: Ball 1-0: Ball 2-0: Called Strike 2-1: Swinging Strike 2-2: Strikes out looking
|
|
Batting: RHB Cyril Husson
|
0-0: Foul Ball, location: 2F 0-1: Called Strike 0-2: Ball 1-2: Strikes out looking
|
| Bottom of the 9th over - 0 runs, 0 hits, 0 errors, 0 left on base; Toledo 2 - Rochester 2 |
| TOP OF THE 10TH |
|
Toledo Mud Hens batting - Pitching for Rochester Red Wings : LHP Brian Walters
|
|
Pitching: RHP Matt Springer
|
|
|
Pinch Hitting: SHB Richello Badua
|
0-0: Ball 1-0: Ball 2-0: Ball 3-0: Called Strike 3-1: Called Strike 3-2: Base on Balls
|
|
Batting: RHB Willis Morales
|
0-0: Bunted foul 0-1: Sac Bunt to P - play at first, batter OUT! 1-3 Richello Badua to second
|
|
Batting: RHB Sergio Zamora
|
0-0: Ball 1-0: Foul Ball, location: 2F 1-1: Swinging Strike 1-2: Strikes out swinging
|
|
Batting: RHB John Evancho
|
0-0: Ball 1-0: Ball 2-0: Ball 3-0: Called Strike 3-1: Called Strike 3-2: Base on Balls
|
|
Batting: RHB Tony Soto
|
0-0: Called Strike 0-1: Fly out, F6 (Line Drive, 6, EV 71.2 MPH)
|
| Top of the 10th over - 0 runs, 0 hits, 0 errors, 2 left on base; Toledo 2 - Rochester 2 |
| BOTTOM OF THE 10TH |
|
Rochester Red Wings batting - Pitching for Toledo Mud Hens : LHP Ben Saunders
|
|
Now in LF: Richello Badua
|
|
|
Now in CF: Willie Medina
|
|
|
Batting: RHB Ryan Gautney
|
0-0: Foul Ball, location: 2F 0-1: Foul Ball, location: 2F 0-2: Ball 1-2: Foul Ball, location: 2F 1-2: Ball 2-2: Ground out U3 (Groundball, 3L, EV 110.0 MPH)
|
|
Batting: LHB Tyler Allen
|
0-0: Ball 1-0: Ground out 6-3 (Groundball, 6MS, EV 66.9 MPH)
|
|
Batting: LHB Jon Ventura
|
0-0: Ball 1-0: Ball 2-0: Fly out, F9 (Flyball, 89M, EV 82.5 MPH)
|
| Bottom of the 10th over - 0 runs, 0 hits, 0 errors, 0 left on base; Toledo 2 - Rochester 2 |
| TOP OF THE 11TH |
|
Toledo Mud Hens batting - Pitching for Rochester Red Wings : RHP Matt Springer
|
|
Batting: SHB Willie Medina
|
0-0: Foul Ball, location: 2F 0-1: Ball 1-1: Fly out, F4 (Line Drive, 4, EV 68.8 MPH)
|
|
Batting: RHB Adam MacConnell
|
0-0: Ball 1-0: Swinging Strike 1-1: Ball 2-1: Swinging Strike 2-2: Foul Ball, location: 2F 2-2: Foul Ball, location: 2F 2-2: Strikes out looking
|
|
Batting: RHB J.J. Basil
|
0-0: Foul Ball, location: 2F 0-1: Called Strike 0-2: Foul Ball, location: 2F 0-2: Ball 1-2: Ball 2-2: Ground out 6-3 (Groundball, 6, EV 83.8 MPH)
|
| Top of the 11th over - 0 runs, 0 hits, 0 errors, 0 left on base; Toledo 2 - Rochester 2 |
| BOTTOM OF THE 11TH |
|
Rochester Red Wings batting - Pitching for Toledo Mud Hens : LHP Ben Saunders
|
|
Batting: SHB Ian Thompson
|
0-0: Ball 1-0: Ground out 3-1 (Groundball, 34, EV 103.1 MPH)
|
|
Batting: RHB Leo Gonzalez
|
0-0: SINGLE (Groundball, 25, EV 70.6 MPH) (infield hit)
|
|
DELAY
|
Rain delay of 26 minutes in the 11th inning.
|
|
Pitching: RHP Nate Mull
|
|
|
Batting: RHB Colin Boddy
|
0-0: Called Strike 0-1: Swinging Strike 0-2: Ball 1-2: Foul Ball, location: 2F 1-2: Ball 2-2: Strikes out looking
|
|
Batting: LHB Chaim Huting
|
0-0: Ball 1-0: Fly out, F9 (Flyball, 9S, EV 88.8 MPH)
|
| Bottom of the 11th over - 0 runs, 1 hit, 0 errors, 1 left on base; Toledo 2 - Rochester 2 |
| TOP OF THE 12TH |
|
Toledo Mud Hens batting - Pitching for Rochester Red Wings : RHP Matt Springer
|
|
Pitching: RHP Bryan Hallman
|
|
|
Batting: SHB Scott Bartholomew
|
0-0: Swinging Strike 0-1: Called Strike 0-2: Ground out 5-3 (Groundball, 5S, EV 69.4 MPH)
|
|
Batting: SHB Richello Badua
|
0-0: Swinging Strike 0-1: Ball 1-1: Ball 2-1: Called Strike 2-2: Foul Ball, location: 2F 2-2: Strikes out swinging
|
|
Batting: RHB Willis Morales
|
0-0: Ball 1-0: Ground out 5-3 (Groundball, 56, EV 81.2 MPH)
|
| Top of the 12th over - 0 runs, 0 hits, 0 errors, 0 left on base; Toledo 2 - Rochester 2 |
| BOTTOM OF THE 12TH |
|
Rochester Red Wings batting - Pitching for Toledo Mud Hens : RHP Nate Mull
|
|
Batting: SHB Manny Molina
|
0-0: Swinging Strike 0-1: Foul Ball, location: 2F 0-2: Strikes out swinging
|
|
Batting: RHB Cyril Husson
|
0-0: Ball 1-0: Ball 2-0: Foul Ball, location: 2F 2-1: Ball 3-1: Ground out 5-3 (Groundball, 5, EV 80.0 MPH)
|
|
Batting: RHB Ryan Gautney
|
0-0: Called Strike 0-1: SINGLE (Groundball, 4MD, EV 96.2 MPH)
|
|
Batting: LHB Tyler Allen
|
0-0: Ball 1-0: Ball 2-0: Ball 3-0: Called Strike 3-1: Foul Ball, location: 2F 3-2: Base on Balls Ryan Gautney to second
|
|
Batting: LHB Jon Ventura
|
0-0: Ball 1-0: Called Strike 1-1: Ball 2-1: Fielders Choice at 2nd, 6-4 (Groundball, 6, EV 83.8 MPH)
|
| Bottom of the 12th over - 0 runs, 1 hit, 0 errors, 2 left on base; Toledo 2 - Rochester 2 |
| TOP OF THE 13TH |
|
Toledo Mud Hens batting - Pitching for Rochester Red Wings : RHP Bryan Hallman
|
|
Batting: RHB Sergio Zamora
|
0-0: Called Strike 0-1: Foul Ball, location: 2F 0-2: Ball 1-2: Foul Ball, location: 2F 1-2: Strikes out swinging
|
|
Batting: RHB John Evancho
|
0-0: Ball 1-0: Ball 2-0: Ball 3-0: Called Strike 3-1: Foul Ball, location: 2F 3-2: Strikes out swinging
|
|
Batting: RHB Tony Soto
|
0-0: Ball 1-0: Foul Ball, location: 2F 1-1: Ball 2-1: SINGLE (Groundball, 56D, EV 98.8 MPH)
|
|
Batting: SHB Willie Medina
|
0-0: Ball 1-0: Ball 2-0: Fly out, F9 (Flyball, 9LD, EV 108.8 MPH)
|
| Top of the 13th over - 0 runs, 1 hit, 0 errors, 1 left on base; Toledo 2 - Rochester 2 |
| BOTTOM OF THE 13TH |
|
Rochester Red Wings batting - Pitching for Toledo Mud Hens : RHP Nate Mull
|
|
Batting: SHB Ian Thompson
|
0-0: Ball 1-0: Ball 2-0: Ball 3-0: Called Strike 3-1: Base on Balls
|
|
Batting: RHB Leo Gonzalez
|
0-0: Called Strike 0-1: Called Strike 0-2: Grounds into double play, 5-4-3 (Groundball, 56S, EV 86.9 MPH)
|
|
Batting: RHB Colin Boddy
|
0-0: Ball 1-0: Swinging Strike 1-1: SINGLE (Groundball, 56D, EV 94.4 MPH)
|
|
Batting: LHB Chaim Huting
|
0-0: Foul Ball, location: 2F 0-1: Ball 1-1: Foul Ball, location: 2F 1-2: Foul Ball, location: 2F 1-2: Foul Ball, location: 2F 1-2: Fielders Choice at 2nd, 6-4 (Groundball, 6, EV 101.9 MPH)
|
| Bottom of the 13th over - 0 runs, 1 hit, 0 errors, 1 left on base; Toledo 2 - Rochester 2 |
| TOP OF THE 14TH |
|
Toledo Mud Hens batting - Pitching for Rochester Red Wings : RHP Bryan Hallman
|
|
Batting: RHB Adam MacConnell
|
0-0: Ground out 4-3 (Groundball, 4, EV 87.5 MPH)
|
|
Batting: RHB J.J. Basil
|
0-0: Foul Ball, location: 2F 0-1: Ball 1-1: Swinging Strike 1-2: Strikes out looking
|
|
Batting: SHB Scott Bartholomew
|
0-0: Called Strike 0-1: Swinging Strike 0-2: Foul Ball, location: 2F 0-2: Strikes out looking
|
| Top of the 14th over - 0 runs, 0 hits, 0 errors, 0 left on base; Toledo 2 - Rochester 2 |
| BOTTOM OF THE 14TH |
|
Rochester Red Wings batting - Pitching for Toledo Mud Hens : RHP Nate Mull
|
|
Pitching: LHP Jesse Turner
|
|
|
Batting: SHB Manny Molina
|
0-0: Called Strike 0-1: Swinging Strike 0-2: Strikes out swinging
|
|
Batting: RHB Cyril Husson
|
0-0: Called Strike 0-1: Ball 1-1: Foul Ball, location: 2F 1-2: Ball 2-2: Foul Ball, location: 2F 2-2: Foul Ball, location: 2F 2-2: Ball 3-2: Base on Balls
|
|
Batting: RHB Ryan Gautney
|
0-0: Ball 1-0: Foul Ball, location: 2F 1-1: Called Strike 1-2: Ball 2-2: SINGLE (Groundball, 34D, EV 98.1 MPH) Cyril Husson to second Runner from 2nd tries for 3rd, SAFE, throw by RF made to third
|
|
Batting: LHB Tyler Allen
|
0-0: Ball 1-0: Called Strike 1-1: Ball 2-1: Swinging Strike 2-2: Foul Ball, location: 2F 2-2: Strikes out swinging
|
|
Batting: LHB Jon Ventura
|
0-0: Ball 1-0: Ball 2-0: Ball 3-0: Called Strike 3-1: Base on Balls Ryan Gautney to second
|
|
Batting: SHB Ian Thompson
|
0-0: Foul Ball, location: 2F 0-1: Fly out, F7 (Flyball, 7LD, EV 97.5 MPH)
|
| Bottom of the 14th over - 0 runs, 1 hit, 0 errors, 3 left on base; Toledo 2 - Rochester 2 |
| TOP OF THE 15TH |
|
Toledo Mud Hens batting - Pitching for Rochester Red Wings : RHP Bryan Hallman
|
|
Batting: SHB Richello Badua
|
0-0: Foul Ball, location: 2F 0-1: Fly out, F7 (Flyball, 78S, EV 85.0 MPH)
|
|
Batting: RHB Willis Morales
|
0-0: Called Strike 0-1: Ball 1-1: Foul Ball, location: 2F 1-2: Ground out U3 (Groundball, 3L, EV 91.9 MPH)
|
|
Batting: RHB Sergio Zamora
|
0-0: Fly out, F6 (Line Drive, 6, EV 66.2 MPH)
|
| Top of the 15th over - 0 runs, 0 hits, 0 errors, 0 left on base; Toledo 2 - Rochester 2 |
| BOTTOM OF THE 15TH |
|
Rochester Red Wings batting - Pitching for Toledo Mud Hens : LHP Jesse Turner
|
|
Batting: RHB Leo Gonzalez
|
0-0: Ball 1-0: Called Strike 1-1: Swinging Strike 1-2: Strikes out swinging
|
|
Batting: RHB Colin Boddy
|
0-0: DOUBLE (Groundball, 5L, EV 103.8 MPH)
|
|
Batting: LHB Chaim Huting
|
0-0: Ball 1-0: Ball 2-0: Ball 3-0: Base on Balls
|
|
Batting: SHB Manny Molina
|
0-0: Bunted foul 0-1: Ball 1-1: Ball 2-1: Reached on error, E1 (Groundball, 15, EV 43.8 MPH) Colin Boddy scores
|
| Bottom of the 15th over - 1 run, 1 hit, 1 error, 2 left on base; Toledo 2 - Rochester 3 |
|